 Dungeon Crawl Stone Soup version 0.25-a0-108-gda8bd6cf83 (webtiles) character file.

Game seed: 9615919446633256144, levelgen mode: deterministic

186342 Ijustatesigmund the Slinger (level 18, -4/143 HPs)
             Began as a Gnoll Fighter on Nov 18, 2019.
             Was the Champion of Cheibriados.
             Killed from afar by a shock serpent (13 damage)
             ... with an electric aura
             ... on level 3 of the Snake Pit.
             The game lasted 01:11:37 (31243 turns).

Ijustatesigmund the Slinger (Gnoll Fighter)        Turns: 31243, Time: 01:11:38

Health: -4/143     AC: 25    Str: 45    XL:     18   Next: 47%
Magic:  21/24      EV: 24    Int: 31    God:    Cheibriados [******]
Gold:   2779       SH: 25    Dex: 40    Spells: 24/40 levels left

rFire    . . .     SeeInvis +   n - +11 morningstar "Hydgher" {crush, Fragile rC+ rN+ Dex+2}
rCold    + . .     Gourm    .   c - +2 shield
rNeg     + . .     Faith    .   I - +4 chain mail "Kidghaosch" {+Inv Str+7}
rPois    +         Spirit   .   m - +1 hat {SInv}
rElec    .         Reflect  +   u - +2 cloak {rPois}
rCorr    .         Harm     .   e - +2 pair of gloves
MR       +....                  (no boots)
Stlth    +++.......             H - +5 amulet of reflection
HPRegen  0.33/turn              P - ring "Duowerch" {Wiz MP-9 Str+5 Dex+5}
MPRegen  0.19/turn              E - ring "Hyfoizxa" {+Fly Int+2 Slay+2}

@: lethally poisoned (-4 -> -5), studying 2 skills, very slow
A: distributed training, fangs 1, horns 2, blurry vision 1, sense surroundings
1, weak 1, strong nose
a: Bend Time, Temporal Distortion, Slouch, Step From Time, Renounce Religion,
Evoke Invisibility, Evoke Flight


You were on level 3 of the Snake Pit.
You worshipped Cheibriados.
Cheibriados was exalted by your worship.
You were hungry.

You visited 5 branches of the dungeon, and saw 27 of its levels.
You also visited: Bailey, Gauntlet and Ice Cave.

You collected 2942 gold pieces.
You spent 163 gold pieces at shops.

Inventory:

Hand Weapons
 n - the +11 morningstar "Hydgher" (weapon) {crush, Fragile rC+ rN+ Dex+2}
   (You found it on level 4 of the Dungeon)

   It inflicts extra damage upon your enemies.
   It affects your dexterity (+2).
   It protects you from cold.
   It protects you from negative energy.
   It will be destroyed if unequipped.
Missiles
 K - 15 silver javelins (quivered)
Armour
 b - a +2 chain mail of fire resistance
 c - a +2 shield (worn)
 e - a +2 pair of gloves (worn)
 m - a +1 hat of see invisible (worn)
 u - a +2 cloak of poison resistance (worn)
 I - the +4 chain mail "Kidghaosch" (worn) {+Inv Str+7}
   (You found it on level 1 of the Snake Pit)

   It affects your strength (+7).
   It lets you turn invisible.
 Z - +0 ice dragon scales
Jewellery
 q - the amulet of Eternal Night {Acrobat *Drain rElec rN++ Dex+2}
   (You found it in a Gauntlet)

   [amulet of the acrobat]

   It helps you evade while moving and waiting.
   It affects your dexterity (+2).
   It insulates you from electricity.
   It greatly protects you from negative energy.
   It causes draining when unequipped.
 t - an uncursed ring of protection from fire
 y - an uncursed ring of protection from cold
 A - an uncursed ring of ice
 E - the ring "Hyfoizxa" (right hand) {+Fly Int+2 Slay+2}
   (You found it on level 11 of the Dungeon)

   [ring of flight]

   It affects your intelligence (+2).
   It affects your accuracy and damage with ranged weapons and melee attacks
   (+2).
   It lets you fly.
 H - a +5 amulet of reflection (around neck)
 P - the ring "Duowerch" (left hand) {Wiz MP-9 Str+5 Dex+5}
   (You took it off a minotaur in a Gauntlet)

   [ring of wizardry]

   It improves your spell success rate.
   It affects your strength (+5).
   It affects your dexterity (+5).
   It affects your magic capacity (-9).
 Q - an uncursed ring of protection from fire
 T - an uncursed ring of resist corrosion
Wands
 a - a wand of flame (59)
 s - a wand of enslavement (10)
 v - a wand of iceblast (25)
 w - a wand of disintegration (6)
 x - a wand of scattershot (2)
 B - a wand of digging (4)
 D - a wand of acid (6)
 S - a wand of clouds (3)
Scrolls
 g - 2 scrolls of blinking
 k - 11 scrolls of remove curse
 p - 3 scrolls of fear
 F - 5 scrolls of enchant weapon
 G - 7 scrolls of teleportation
 L - 3 scrolls of immolation
 W - 6 scrolls of identify
 X - a scroll of fog
 Y - 2 scrolls of amnesia
Potions
 d - 3 potions of might
 h - 11 potions of curing
 j - 4 potions of cancellation
 l - 3 potions of lignification
 r - 3 potions of flight
 z - 9 potions of magic
 C - 2 potions of brilliance
 J - 2 potions of heal wounds
 M - 5 potions of agility
 N - a potion of invisibility
 U - 3 potions of mutation
Books
 i - a manual of Translocations
 R - a manual of Slings
Comestibles
 f - 28 rations


   Skills:
 + Level 13.2 Fighting
 + Level 11.8 Short Blades
 + Level 11.8 Long Blades
 + Level 11.8 Axes
 + Level 12.5 Maces & Flails
 + Level 11.8 Polearms
 + Level 11.8 Staves
 + Level 13.7 Slings
 + Level 11.8 Bows
 + Level 11.8 Crossbows
 + Level 11.8 Throwing
 + Level 13.2 Armour
 + Level 11.8 Dodging
 + Level 11.8 Stealth
 + Level 13.2 Shields
 + Level 11.8 Unarmed Combat
 + Level 11.8 Spellcasting
 + Level 10.1 Conjurations
 + Level 10.1 Hexes
 + Level 10.1 Charms
 + Level 10.1 Summonings
 + Level 10.1 Necromancy
 + Level 12.6 Translocations
 + Level 10.1 Transmutations
 + Level 10.1 Fire Magic
 + Level 10.1 Ice Magic
 + Level 10.1 Air Magic
 + Level 10.1 Earth Magic
 + Level 10.1 Poison Magic
 + Level 12.7 Invocations
 + Level 11.8 Evocations


You had 24 spell levels left.
You knew the following spells:

 Your Spells              Type           Power        Failure   Level  Hunger
a - Magic Dart            Conj           ####         1%          1    None
b - Blink                 Tloc           N/A          1%          2    None
c - Mephitic Cloud        Conj/Pois/Air  ######..     1%          3    None
d - Conjure Flame         Conj/Fire      ######..     1%          3    None
e - Passwall              Tmut/Erth      ######..     1%          2    None
f - Dispel Undead         Necr           ######..     1%          5    ##.....

Your spell library contained the following spells:

 Spells                   Type           Power        Failure   Level  Hunger
 Beastly Appendage        Tmut           ######       1%          1    None
 Corona                   Hex            ######.      1%          1    None
 Sandblast                Erth           ######       1%          1    None
 Summon Small Mammal      Summ           ####         1%          1    None
 Call Imp                 Summ           ######..     1%          2    None
 Corpse Rot               Necr           N/A          1%          2    None
 Ensorcelled Hibernation  Hex/Ice        ######       1%          2    None
 Slow                     Hex            ######..     1%          2    None
 Sticks to Snakes         Tmut           ######..     1%          2    None
 Throw Flame              Conj/Fire      ######       1%          2    None
 Call Canine Familiar     Summ           ######..     1%          3    None
 Inner Flame              Hex/Fire       ######..     1%          3    None
 Portal Projectile        Hex/Tloc       ######       1%          3    None
 Spider Form              Tmut/Pois      ######....   1%          3    None
 Stone Arrow              Conj/Erth      ######       1%          3    None
 Summon Guardian Golem    Hex/Summ       ######..     1%          3    None
 Cause Fear               Hex            ######....   1%          4    None
 Force Lance              Conj/Tloc      ######..     1%          4    None
 Ice Form                 Ice/Tmut       ######..     1%          4    None
 Leda's Liquefaction      Hex/Erth       ######....   1%          4    None
 Petrify                  Tmut/Erth      ######..     1%          4    None
 Summon Ice Beast         Ice/Summ       ######..     1%          4    None
 Summon Lightning Spire   Summ/Air       ######..     1%          4    None
 Alistair's Intoxication  Tmut/Pois      ######..     1%          5    ##.....
 Blade Hands              Tmut           ######....   1%          5    ##.....
 Borgnjor's Vile Clutch   Necr/Erth      ######....   1%          5    ##.....
 Irradiate                Conj/Tmut      ######....   1%          5    ##.....
 Lee's Rapid Deconstruct  Erth           ######....   1%          5    ##.....
 Silence                  Hex/Air        ######....   1%          5    ##.....
 Yara's Violent Unravell  Hex/Tmut       ######....   1%          5    ##.....
 Darkness                 Hex            ######....   8%          6    ####...
 Deflect Missiles         Chrm/Air       ######....   8%          6    ####...
 Hydra Form               Tmut           ######....   8%          6    ####...
 Poison Arrow             Conj/Pois      ######....   8%          6    ####...
 Shadow Creatures         Summ           N/A          8%          6    ####...
 Statue Form              Tmut/Erth      ######...    8%          6    ####...
 Dragon Form              Tmut           ######....   38%         7    ######.
 Chain Lightning          Conj/Air       ######....   95%         8    #######
 Discord                  Hex            ######....   95%         8    #######
 Lehudib's Crystal Spear  Conj/Erth      ######....   95%         8    #######
 Fire Storm               Conj/Fire      ######....   100%        9    #######
 Glaciate                 Conj/Ice       ######....   100%        9    #######


Dungeon Overview and Level Annotations

Branches:
Dungeon (15/15)            Temple (1/1) D:4            Lair (6/6) D:8
 Shoals (0/4) Lair:3        Snake (3/4) Lair:2        Slime (0/5) Lair:6
    Orc (2/2) D:10            Elf (0/3) Orc:2        Vaults (0/5) D:14
 Depths (0/5) D:15         Bailey (visited)           IceCv (visited)
Gauntlet (visited)

Altars:
Ashenzari
Cheibriados
Dithmenos
Elyvilon
Fedhas
Gozag
Hepliaklqana
Kikubaaqudgha
Makhleb
Nemelex Xobeh
Okawaru
Qazlal
Ru
Sif Muna
Trog
Uskayaw
Vehumet
Wu Jian
Yredelemnul
Zin
The Shining One
Beogh

Shops:
D:15 :   Orc:2 ?}*(

Annotations:
D:13 3 runed translucent doors, Hastrop's ghost, journeyman DgWz


Innate Abilities, Weirdness & Mutations

Your experience applies equally to all skills.
You have very sharp teeth.
Your uncanny sense of smell can sniff out nearby items.
You have a pair of horns on your head.
Scrolls take you a little longer to read.
You passively map a small area around you.
You are weak. (Str -2)


Message History

Evoke which item? (* to show all) (? for menu, Esc to quit)
Aiming: Corrosive Bolt
Press: ? - help, Shift-Dir - straight line, f/p - naga sharpshooter
Aim: a naga sharpshooter, wielding a +0 arbalest (almost dead, catching its breath)
The bolt of acid hits the naga sharpshooter!
The naga sharpshooter is splashed with acid.
The acid corrodes the naga sharpshooter!
You kill the naga sharpshooter!
Cheibriados thoroughly appreciates the change of pace.
Evoke which item? (* to show all) (? for menu, Esc to quit)
Aiming: Corrosive Bolt
Press: ? - help, Shift-Dir - straight line, f - shock serpent
Aim: a shock serpent (severely wounded)
The bolt of acid misses the shock serpent.
You feel sick.
The naga seems to regain its courage.
You skewer the shock serpent like a kebab!!!
You kill the shock serpent!
Cheibriados thoroughly appreciates the change of pace.
The air sparks with electricity, shocking you!
You die...

#..........# , ,
,N###N..........##
, ..#N.N.........#
, ,
....N.........## ,
, ,...>........(.#
,....).)?†††..# ,
,, , #(..((((....#
, , *#.$.........#
* #.@)........# ,
** ##.........##
#.......###
#.%....## #.._...#
#......# #.N....#
########


You could see a naga warrior, a naga sharpshooter (fleeing) and 4 nagas.

Vanquished Creatures
  Asterion (Snake:1)
  Gastronok (D:12)
  A nagaraja (Snake:2)
  A fire giant (D:15)
  2 orc warlords (Orc:1)
  Aizul (Snake:1)
  A cacodemon (Gauntlet)
  The ghost of Plog the Covert, a journeyman KoWz of Vehumet (D:14)
  A minotaur (Gauntlet)
  2 dire elephants (Lair:6)
  Erolcha (D:12)
  The ghost of Zaque the Grappler, a journeyman TrHu of Okawaru (D:11)
  Josephine (D:14)
  Fannar (D:12)
  An ice dragon (Lair:6)
  A rakshasa (D:15)
  8 naga warriors
  A vault guard (D:14)
  8 hydras
  A death knight (D:14)
  9 anacondas
  3 centaur warriors
  4 two-headed ogres
  A catoblepas (Lair:6)
  The ghost of oberejnoburuli the Devastator, a journeyman DECj of Vehumet (D:12)
  6 naga sharpshooters
  8 death yaks
  A queen ant (Gauntlet)
  4 shock serpents
  The ghost of astraldaughter the Archer, a novice CeHu of Fedhas (D:7)
  3 unseen horrors (D:12)
  3 sea snakes
  4 skeletal warriors (D:13)
  2 salamander mystics (Snake:3)
  4 naga ritualists
  4 wizards (D:14)
  Pikel (D:5)
  A wolf spider zombie (D:15)
  2 orc sorcerers (Orc:1)
  12 mana vipers
  3 lindwurms (Lair:6)
  9 orc knights
  A necromancer (D:14)
  9 salamanders
  6 cyclopes
  4 manticores
  2 deep elf magi
  11 ugly things
  An oklob plant (Lair:3)
  Maurice (D:12)
  9 naga magi
  8 elephants
  The ghost of qwery3021x the Cudgeler, a novice MiBe of Trog (D:4)
  A merfolk siren (Lair:3)
  A guardian serpent (Snake:2)
  2 ice statues (IceCv)
  30 black mambas
  The ghost of dorpapst the Cleaver, a novice HOMo (D:5)
  5 torpor snails (Lair:6)
  4 gargoyles
  10 spiny frogs
  Psyche (D:9)
  A kobold demonologist (D:11)
  A rime drake (shapeshifter) (D:15)
  3 rime drakes
  2 efreet
  A yaktaur (D:14)
  10 komodo dragons
  2 freezing wraiths (D:14)
  3 meliai (D:15)
  6 polar bears
  4 tyrant leeches (Lair:6)
  A merfolk (D:12)
  A polar bear (shapeshifter) (D:13)
  5 trolls
  Grinder (D:3)
  13 blink frogs
  7 hornets
  13 hippogriffs
  7 shadows
  2 vampires
  11 wraiths
  8 basilisks
  A wyvern (D:9)
  32 yaks
  A hog (shapeshifter) (D:10)
  19 humans (D:14)
  Grum (D:10)
  6 hungry ghosts
  A steam dragon (D:11)
  8 neqoxecs
  5 vampire mosquitoes
  An acid dragon (D:15)
  27 nagas
  26 water moccasins
  15 wargs
  5 soldier ants (Gauntlet)
  3 hell hounds (Gauntlet)
  7 porcupines
  15 ice beasts
  2 sky beasts
  2 eyes of draining
  A necrophage (D:9)
  64 orc warriors
  A phantom (D:8)
  A slave (D:5)
  A black bear (D:8)
  13 wolves
  14 ogres
  7 centaurs
  14 crocodiles
  2 big kobolds
  19 bullfrogs
  A wyvern skeleton (D:14)
  7 scorpions
  8 wights (D:15)
  9 killer bees
  10 howler monkeys
  2 electric eels
  3 centaur zombies
  8 crimson imps
  4 bullfrog skeletons
  9 hounds
  5 jellies
  3 quasits (D:14)
  18 orc priests
  5 centaur skeletons
  27 orc wizards
  3 iguanas
  A hell rat (Lair:6)
  Terence (D:3)
  10 worker ants
  2 worker ant zombies
  Robin (D:2)
  18 adders
  20 gnolls
  6 shadow imps
  3 oozes (Lair:6)
  2 adder skeletons
  2 adder zombies (D:10)
  2 worms (D:3)
  A dart slug (D:4)
  7 leopard geckos
  104 orcs
  5 giant cockroaches
  20 goblins
  17 hobgoblins
  17 jackals
  26 kobolds
  2 quokkas (D:7)
  5 ball pythons
  9 bats
  11 frilled lizards
  A jackal zombie (D:7)
  9 rats
  A plant (Lair:6)
1071 creatures vanquished.

Vanquished Creatures (collateral kills)
  A hydra (D:11)
  2 fire elementals (Gauntlet)
3 creatures vanquished.

Vanquished Creatures (others)
  A centaur warrior (D:14)
  A naga sharpshooter (Snake:1)
  A naga mage (Snake:2)
  A black mamba (Lair:6)
  A yaktaur (D:15)
  2 hippogriffs
  An orc warrior (Orc:2)
  An orc (Orc:2)
  8 fungi
  15 plants
32 creatures vanquished.

Grand Total: 1106 creatures vanquished

Notes
Turn   | Place    | Note
-------+----------+-------------------------------------------
     0 | D:1      | Ijustatesigmund the Gnoll Fighter began the quest for the
                  | Orb.
     0 | D:1      | Reached XP level 1. HP: 23/23 MP: 1/1
    10 | D:1      | Reached XP level 2. HP: 29/29 MP: 2/2
   284 | D:1      | Reached XP level 3. HP: 35/35 MP: 3/3
   801 | D:1      | Reached skill level 1 in Invocations
   936 | D:2      | Reached skill level 1 in Short Blades
   936 | D:2      | Reached skill level 1 in Long Blades
   936 | D:2      | Reached skill level 1 in Axes
   936 | D:2      | Reached skill level 1 in Polearms
   936 | D:2      | Reached skill level 1 in Staves
   936 | D:2      | Reached skill level 1 in Slings
   936 | D:2      | Reached skill level 1 in Bows
   936 | D:2      | Reached skill level 1 in Crossbows
   936 | D:2      | Reached skill level 1 in Throwing
   936 | D:2      | Reached skill level 1 in Dodging
   936 | D:2      | Reached skill level 1 in Stealth
   936 | D:2      | Reached skill level 1 in Unarmed Combat
   936 | D:2      | Reached skill level 1 in Spellcasting
   936 | D:2      | Reached skill level 1 in Evocations
   936 | D:2      | Reached XP level 4. HP: 14/41 MP: 5/5
  1374 | D:2      | Reached skill level 1 in Conjurations
  1374 | D:2      | Reached skill level 1 in Hexes
  1374 | D:2      | Reached skill level 1 in Charms
  1374 | D:2      | Reached skill level 1 in Summonings
  1374 | D:2      | Reached skill level 1 in Necromancy
  1374 | D:2      | Reached skill level 1 in Translocations
  1374 | D:2      | Reached skill level 1 in Transmutations
  1374 | D:2      | Reached skill level 1 in Fire Magic
  1374 | D:2      | Reached skill level 1 in Ice Magic
  1374 | D:2      | Reached skill level 1 in Air Magic
  1374 | D:2      | Reached skill level 1 in Earth Magic
  1374 | D:2      | Reached skill level 1 in Poison Magic
  1503 | D:2      | Noticed Robin
  1529 | D:2      | Killed Robin
  1529 | D:2      | Reached XP level 5. HP: 31/47 MP: 6/6
  2106 | D:3      | You fall into a shaft and drop 1 floor!
  2155 | D:3      | Found a stormy altar of Qazlal.
  2235 | D:3      | Noticed Terence
  2273 | D:3      | Killed Terence
  2273 | D:3      | Reached XP level 6. HP: 50/53 MP: 8/8
  2356 | D:3      | Noticed Grinder
  2360 | D:3      | Paralysed by Grinder for 2 turns
  2364 | D:3      | Paralysed by Grinder for 4 turns
  2368 | D:3      | Killed Grinder
  2368 | D:3      | Reached skill level 5 in Maces & Flails
  2368 | D:3      | Reached XP level 7. HP: 34/59 MP: 8/10
  2880 | D:4      | Found a burning altar of Makhleb.
  2936 | D:4      | Found a runed translucent door.
  3005 | D:4      | Got an iridescent morningstar
  3011 | D:4      | Identified the +11 morningstar "Hydgher" {crush, Fragile
                  | rC+ rN+ Dex+2} (You found it on level 4 of the Dungeon)
  3466 | D:4      | Found a radiant altar of Vehumet.
  3466 | D:4      | Found a shattered altar of Ashenzari.
  3526 | D:4      | Found a staircase to the Ecumenical Temple.
  3606 | D:4      | Noticed qwery3021x's ghost (novice MiBe)
  3621 | D:4      | Killed qwery3021x's ghost
  3621 | D:4      | Reached XP level 8. HP: 62/67 MP: 10/12
  3659 | D:5      | Entered Level 5 of the Dungeon
  3705 | D:5      | Noticed Pikel
  3717 | D:5      | Killed Pikel
  3867 | D:5      | Found a runed translucent door.
  3870 | D:5      | Noticed dorpapst's ghost (novice HOMo)
  3878 | D:5      | Killed dorpapst's ghost
  3878 | D:5      | Reached XP level 9. HP: 54/73 MP: 14/14
  4305 | D:6      | Found a sparkling altar of Nemelex Xobeh.
  4306 | D:6      | Found an opulent altar of Gozag.
  4706 | D:6      | Found a hide-covered altar of Uskayaw.
  4754 | D:6      | Found an iron altar of Okawaru.
  5014 | D:7      | Reached skill level 5 in Invocations
  5377 | D:7      | Noticed a hornet
  5378 | D:7      | Noticed astraldaughter's ghost (novice CeHu)
  5649 | D:7      | Found a transporter.
  5649 | D:7      | Found a transporter.
  5898 | D:8      | Reached XP level 10. HP: 80/80 MP: 17/17
  5901 | D:8      | Noticed a death yak
  5902 | D:8      | Noticed a death yak
  5902 | D:8      | Noticed a death yak
  5903 | D:8      | Noticed a death yak
  5903 | D:8      | Noticed a death yak
  5903 | D:8      | Noticed a death yak
  5904 | D:8      | Found a staircase to the Lair.
  5904 | D:8      | Noticed a death yak
  5907 | D:8      | Noticed a death yak
  6362 | D:8      | Killed a death yak
  6362 | D:8      | Reached skill level 5 in Short Blades
  6362 | D:8      | Reached skill level 5 in Long Blades
  6362 | D:8      | Reached skill level 5 in Axes
  6362 | D:8      | Reached skill level 5 in Polearms
  6362 | D:8      | Reached skill level 5 in Staves
  6362 | D:8      | Reached skill level 5 in Slings
  6362 | D:8      | Reached skill level 5 in Bows
  6362 | D:8      | Reached skill level 5 in Crossbows
  6362 | D:8      | Reached skill level 5 in Throwing
  6362 | D:8      | Reached skill level 5 in Dodging
  6362 | D:8      | Reached skill level 5 in Stealth
  6362 | D:8      | Reached skill level 5 in Unarmed Combat
  6362 | D:8      | Reached skill level 5 in Spellcasting
  6362 | D:8      | Reached skill level 5 in Evocations
  6698 | D:7      | Killed a death yak
  6756 | D:8      | Noticed a centaur warrior
  6796 | D:8      | You fall into a shaft and drop 1 floor!
  6938 | D:9      | Noticed a two-headed ogre
  6944 | D:9      | Killed a two-headed ogre
  7032 | D:9      | Found a white marble altar of Elyvilon.
  7169 | D:9      | Noticed Psyche
  7180 | D:9      | Killed Psyche
  7472 | D:9      | Reached XP level 11. HP: 73/87 MP: 19/19
  7653 | D:10     | Entered Level 10 of the Dungeon
  7663 | D:10     | Noticed Grum
  7668 | D:10     | Killed Grum
  7898 | D:10     | Noticed a seven-headed hydra
  7907 | D:10     | Killed a seven-headed hydra
  7907 | D:10     | Reached skill level 5 in Conjurations
  7907 | D:10     | Reached skill level 5 in Hexes
  7907 | D:10     | Reached skill level 5 in Charms
  7907 | D:10     | Reached skill level 5 in Summonings
  7907 | D:10     | Reached skill level 5 in Necromancy
  7907 | D:10     | Reached skill level 5 in Translocations
  7907 | D:10     | Reached skill level 5 in Transmutations
  7907 | D:10     | Reached skill level 5 in Fire Magic
  7907 | D:10     | Reached skill level 5 in Ice Magic
  7907 | D:10     | Reached skill level 5 in Air Magic
  7907 | D:10     | Reached skill level 5 in Earth Magic
  7907 | D:10     | Reached skill level 5 in Poison Magic
  8202 | D:10     | Found a staircase to the Orcish Mines.
  8503 | D:11     | Noticed a green ugly thing
  8516 | D:11     | Killed a green ugly thing
  8676 | D:11     | Got a warped platinum ring
  8741 | D:11     | Found a runed translucent gate.
  8741 | D:11     | Found a runed translucent gate.
  8741 | D:11     | Found a runed translucent gate.
  8742 | D:11     | Noticed Zaque's ghost (journeyman TrHu)
  8742 | D:11     | Noticed a ten-headed hydra
  8742 | D:11     | Noticed an 11-headed hydra
  9753 | D:8      | Killed a death yak
  9760 | D:8      | Killed a death yak
  9787 | D:7      | Killed a death yak
  9787 | D:7      | Reached XP level 12. HP: 39/96 MP: 22/22
 10014 | D:7      | Killed a death yak
 10183 | D:7      | Killed a death yak
 10271 | D:8      | Killed a death yak
 10446 | D:8      | Found an ancient bone altar of Kikubaaqudgha.
 10862 | Temple   | Entered the Ecumenical Temple
 10910 | Temple   | Became a worshipper of Cheibriados the Contemplative
 11084 | D:7      | Killed astraldaughter's ghost
 11107 | D:7      | Learned a level 1 spell: Magic Dart
 11110 | D:7      | Learned a level 2 spell: Blink
 11112 | D:7      | Identified the ring "Hyfoizxa" {+Fly Int+2 Slay+2} (You
                  | found it on level 11 of the Dungeon)
 11326 | D:11     | Killed Zaque's ghost
 11500 | D:11     | Killed an 11-headed hydra
 11628 | D:11     | Killed a ten-headed hydra
 12327 | D:12     | Noticed Maurice
 12335 | D:11     | Reached * piety under Cheibriados
 12468 | D:12     | Killed Maurice
 12468 | D:12     | Reached skill level 10 in Fighting
 12468 | D:12     | Reached skill level 10 in Armour
 12468 | D:12     | Reached skill level 10 in Shields
 12905 | D:12     | Noticed Fannar
 12911 | D:11     | Reached ** piety under Cheibriados
 13143 | D:11     | Reached XP level 13. HP: 94/103 MP: 24/24
 13194 | D:12     | Killed Fannar
 13196 | D:12     | Noticed Gastronok
 13199 | D:12     | Noticed Erolcha
 13208 | D:12     | Killed Gastronok
 13212 | D:12     | Killed Erolcha
 13574 | D:12     | Reached *** piety under Cheibriados
 13864 | D:12     | Found a runed translucent gate.
 13864 | D:12     | Found a runed translucent gate.
 13864 | D:12     | Found a runed translucent gate.
 13864 | D:12     | Noticed oberejnoburuli's ghost (journeyman DECj)
 14103 | D:13     | Found a flagged portal.
 14123 | Bailey   | Entered a bailey
 14320 | Bailey   | Reached **** piety under Cheibriados
 15248 | D:13     | Reached ***** piety under Cheibriados
 15529 | D:13     | Found a runed translucent gate.
 15529 | D:13     | Found a runed translucent gate.
 15529 | D:13     | Found a runed translucent gate.
 15530 | D:13     | Noticed Hastrop's ghost (journeyman DgWz)
 15826 | D:12     | Killed oberejnoburuli's ghost
 15826 | D:12     | Reached XP level 14. HP: 111/111 MP: 26/26
 15961 | Lair:1   | Entered Level 1 of the Lair of Beasts
 16422 | Lair:1   | Reached skill level 10 in Maces & Flails
 16422 | Lair:1   | Reached XP level 15. HP: 118/118 MP: 26/28
 16444 | Lair:1   | Gained mutation: Your magical capacity is low. (-10% MP)
                  | [potion of mutation]
 16444 | Lair:1   | Gained mutation: You have a pair of small horns on your
                  | head. [potion of mutation]
 16444 | Lair:1   | Gained mutation: You expend magic power (3 MP) to
                  | strengthen your wands. [potion of mutation]
 16445 | Lair:1   | Lost mutation: Your magical capacity is low. (-10% MP)
                  | [potion of mutation]
 16445 | Lair:1   | Lost mutation: You have a pair of small horns on your head.
                  | [potion of mutation]
 16445 | Lair:1   | Lost mutation: You expend magic power (3 MP) to strengthen
                  | your wands. [potion of mutation]
 16445 | Lair:1   | Gained mutation: Your body sometimes deteriorates upon
                  | taking damage. [potion of mutation]
 16445 | Lair:1   | Gained mutation: You expend magic power (3 MP) to
                  | strengthen your wands. [potion of mutation]
 16445 | Lair:1   | Gained mutation: You are robust. (+10% HP) [potion of
                  | mutation]
 16684 | Lair:1   | Found the +8 whip "Snakebite" {curare, rPois}
 16978 | Lair:2   | Found a gate leading to a gauntlet.
 16987 | Gauntlet | Entered a Gauntlet
 16987 | Gauntlet | Found a transporter.
 16987 | Gauntlet | Found a transporter.
 16991 | Gauntlet | Found a transporter.
 16991 | Gauntlet | Found a transporter.
 17008 | Gauntlet | Found a transporter.
 17025 | Gauntlet | Found a transporter.
 17044 | Gauntlet | Found a transporter.
 17060 | Gauntlet | Found a transporter.
 17161 | Gauntlet | Found a transporter.
 17176 | Gauntlet | Reached skill level 10 in Invocations
 17198 | Gauntlet | Found a transporter.
 17216 | Gauntlet | Found a transporter.
 17232 | Gauntlet | Got a vibrating bronze amulet
 17239 | Gauntlet | Found a transporter.
 17241 | Gauntlet | Found a transporter.
 17249 | Gauntlet | Noticed a cacodemon
 17249 | Gauntlet | Found a transporter.
 17267 | Gauntlet | Gained mutation: Your muscles are strong. (Str +2) [a
                  | cacodemon]
 17274 | Gauntlet | Lost mutation: You are robust. (+10% HP) [a cacodemon]
 17276 | Gauntlet | Gained mutation: You are dopey. (Int -2) [a cacodemon]
 17279 | Gauntlet | Killed a cacodemon
 17286 | Gauntlet | Found a transporter.
 17295 | Gauntlet | Got a slimy arbalest
 17474 | Gauntlet | Lost mutation: You expend magic power (3 MP) to strengthen
                  | your wands. [potion of mutation]
 17474 | Gauntlet | Lost mutation: Your muscles are strong. (Str +2) [potion of
                  | mutation]
 17474 | Gauntlet | Lost mutation: Your body sometimes deteriorates upon taking
                  | damage. [potion of mutation]
 17474 | Gauntlet | Lost mutation: You are dopey. (Int -2) [potion of mutation]
 17474 | Gauntlet | Gained mutation: You do not regenerate when monsters are
                  | visible. [potion of mutation]
 17474 | Gauntlet | Gained mutation: You have a pair of small antennae on your
                  | head. [potion of mutation]
 17474 | Gauntlet | Gained mutation: You are partially covered in molten
                  | scales. (AC +2) [potion of mutation]
 17475 | Gauntlet | Lost mutation: You have a pair of small antennae on your
                  | head. [potion of mutation]
 17475 | Gauntlet | Lost mutation: You are partially covered in molten scales.
                  | (AC +2) [potion of mutation]
 17475 | Gauntlet | Lost mutation: You do not regenerate when monsters are
                  | visible. [potion of mutation]
 17475 | Gauntlet | Gained mutation: You do not regenerate when monsters are
                  | visible. [potion of mutation]
 17475 | Gauntlet | Gained mutation: You are resistant to electric shocks.
                  | (rElec) [potion of mutation]
 17475 | Gauntlet | Gained mutation: You are weak. (Str -2) [potion of
                  | mutation]
 17475 | Gauntlet | Gained mutation: You have a pair of small horns on your
                  | head. [potion of mutation]
 17476 | Gauntlet | Lost mutation: You are weak. (Str -2) [potion of mutation]
 17476 | Gauntlet | Lost mutation: You are resistant to electric shocks.
                  | (rElec) [potion of mutation]
 17476 | Gauntlet | Gained mutation: You expend magic power (3 MP) to
                  | strengthen your wands. [potion of mutation]
 17476 | Gauntlet | Gained mutation: Your body sometimes deteriorates upon
                  | taking damage. [potion of mutation]
 17476 | Gauntlet | Lost mutation: You do not regenerate when monsters are
                  | visible. [potion of mutation]
 17477 | Gauntlet | Lost mutation: You expend magic power (3 MP) to strengthen
                  | your wands. [potion of mutation]
 17477 | Gauntlet | Lost mutation: Your body sometimes deteriorates upon taking
                  | damage. [potion of mutation]
 17477 | Gauntlet | Gained mutation: You have a pair of horns on your head.
                  | [potion of mutation]
 17477 | Gauntlet | Gained mutation: You passively map a small area around you.
                  | [potion of mutation]
 17477 | Gauntlet | Gained mutation: You are robust. (+10% HP) [potion of
                  | mutation]
 17516 | Gauntlet | Learned a level 3 spell: Mephitic Cloud
 17522 | Gauntlet | Identified the ring "Duowerch" {Wiz MP-9 Str+5 Dex+5}
 17540 | Gauntlet | Identified Sent's Guide on Transmutation and Attacks
 17542 | Gauntlet | Got a transparent buckler
 17553 | Gauntlet | Identified the +0 buckler "Xyism" {rElec MR- Int-5 Dex+4
                  | Stlth+} (You found it in a Gauntlet)
 17684 | Lair:2   | Found a staircase to the Snake Pit.
 17838 | Lair:2   | Identified the amulet of Eternal Night {Acrobat *Drain
                  | rElec rN++ Dex+2} (You found it in a Gauntlet)
 18603 | Lair:3   | Found a staircase to the Shoals.
 18776 | Lair:3   | Reached ****** piety under Cheibriados
 20201 | Lair:4   | Reached skill level 10 in Slings
 20978 | Lair:5   | Learned a level 3 spell: Conjure Flame
 21270 | Lair:5   | Reached skill level 10 in Translocations
 21564 | Lair:6   | Entered Level 6 of the Lair of Beasts
 21602 | Lair:6   | Found a runed translucent door.
 21749 | Lair:6   | Reached XP level 16. HP: 137/139 MP: 20/29
 21799 | Lair:6   | Reached skill level 10 in Short Blades
 21799 | Lair:6   | Reached skill level 10 in Long Blades
 21799 | Lair:6   | Reached skill level 10 in Axes
 21799 | Lair:6   | Reached skill level 10 in Polearms
 21799 | Lair:6   | Reached skill level 10 in Staves
 21799 | Lair:6   | Reached skill level 10 in Bows
 21799 | Lair:6   | Reached skill level 10 in Crossbows
 21799 | Lair:6   | Reached skill level 10 in Throwing
 21799 | Lair:6   | Reached skill level 10 in Dodging
 21799 | Lair:6   | Reached skill level 10 in Stealth
 21799 | Lair:6   | Reached skill level 10 in Unarmed Combat
 21799 | Lair:6   | Reached skill level 10 in Spellcasting
 21799 | Lair:6   | Reached skill level 10 in Evocations
 22059 | Lair:6   | Found a staircase to the Slime Pits.
 23341 | Orc:1    | Entered Level 1 of the Orcish Mines
 23352 | Orc:1    | Identified the +5 arbalest of Mudom {velocity, SInv} (You
                  | found it in a Gauntlet)
 24011 | Orc:2    | Entered Level 2 of the Orcish Mines
 24178 | Orc:2    | Found a staircase to the Elven Halls.
 24374 | Orc:2    | Found Birinin's Magic Scroll Emporium.
 24447 | Orc:2    | Found Cuubynoff's Gadget Shop.
 24491 | Orc:2    | Bought a scroll of teleportation for 45 gold pieces
 24491 | Orc:2    | Bought a scroll of teleportation for 45 gold pieces
 24491 | Orc:2    | Bought a scroll of teleportation for 45 gold pieces
 24526 | Orc:2    | Found a roughly hewn altar of Beogh.
 25035 | Orc:2    | Found Sujeinol's Antique Weapon Shop.
 25035 | Orc:2    | Found Suzao's General Store.
 25049 | Orc:2    | Bought a scroll of identify for 28 gold pieces
 25476 | D:14     | Found a frozen archway.
 25512 | IceCv    | Entered an ice cave
 25600 | IceCv    | Found a transporter.
 25619 | IceCv    | Found a transporter.
 25835 | D:14     | Found a transporter.
 25857 | D:14     | Found a transporter.
 25985 | D:14     | Reached XP level 17. HP: 145/147 MP: 22/31
 26073 | D:14     | Found a gate to the Vaults.
 26229 | D:14     | Noticed Josephine
 26245 | D:14     | Killed Josephine
 26463 | D:14     | Noticed Plog's ghost (journeyman KoWz)
 26628 | D:14     | Gained mutation: Scrolls take you a little longer to read.
                  | [a neqoxec]
 26638 | D:14     | Killed Plog's ghost
 26640 | D:14     | Lost mutation: You are robust. (+10% HP) [a neqoxec]
 26645 | D:14     | Identified Adisseu's Papyrus of Enchanting Dark Magic
 26711 | D:15     | Entered Level 15 of the Dungeon
 26959 | D:15     | Found a staircase to the Depths.
 27605 | D:15     | Found Gowken's Book Emporium.
 28116 | Snake:1  | Entered Level 1 of the Snake Pit
 28145 | Snake:1  | Noticed Aizul
 28160 | Snake:1  | Killed Aizul
 28969 | Snake:1  | Got an ancient chain mail
 28996 | Lair:2   | Identified the +4 chain mail "Kidghaosch" {+Inv Str+7} (You
                  | found it on level 1 of the Snake Pit)
 29018 | Snake:1  | Noticed Asterion
 29025 | Snake:1  | Gained mutation: You are weak. (Str -2) [a cacodemon]
 29026 | Snake:1  | Killed Asterion
 30285 | Snake:2  | Reached XP level 18. HP: 141/142 MP: 24/33
 30475 | Snake:2  | Learned a level 2 spell: Passwall
 30481 | Snake:2  | Learned a level 5 spell: Dispel Undead
 30818 | Snake:3  | Reached skill level 10 in Conjurations
 30818 | Snake:3  | Reached skill level 10 in Hexes
 30818 | Snake:3  | Reached skill level 10 in Charms
 30818 | Snake:3  | Reached skill level 10 in Summonings
 30818 | Snake:3  | Reached skill level 10 in Necromancy
 30818 | Snake:3  | Reached skill level 10 in Transmutations
 30818 | Snake:3  | Reached skill level 10 in Fire Magic
 30818 | Snake:3  | Reached skill level 10 in Ice Magic
 30818 | Snake:3  | Reached skill level 10 in Air Magic
 30818 | Snake:3  | Reached skill level 10 in Earth Magic
 30818 | Snake:3  | Reached skill level 10 in Poison Magic
 31211 | Snake:3  | Found a sparkling altar of Nemelex Xobeh.
 31230 | Snake:3  | HP: 7/143 [naga/+0 glaive (12)]
 31243 | Snake:3  | Killed from afar by a shock serpent

Levels and vault maps discovered:
D:1:      dpeg_arrival_boxes_within_box, layout_loops_ring
D:2:      layout_loops_cross, uniq_robin
D:3:      layout_basic, lemuel_crystal_altar, minmay_fountain_box, uniq_grinder,
          uniq_terence
D:4:      minmay_general_purpose_star, layout_basic, bloody_makhleb,
          gammafunk_temple_overflow_wave, minmay_temple_entry_nine_rooms,
          ebering_ghost_sewer_d
D:5:      layout_rooms, first_ration, gammafunk_ghost_grave, uniq_pikel
D:6:      layout_basic, grunt_temple_overflow_opulence,
          eat_drink_and_be_merry_uskayaw, okawaru_metal_pillars_1_2
D:7:      layout_loops_ring, gammafunk_ghost_arena
D:8:      layout_cave_pods, old_standard_altar, dpeg_lair_monsters,
          lightli_corner_chamber
D:9:      minmay_clustersquares, layout_irregular_city, elyvilon_altar_5,
          uniq_psyche
D:10:     minmay_cornered_nines, layout_loops_ring, orc_0_dummy, uniq_grum
D:11:     layout_roguey, gammafunk_ghost_hydra_chop
D:12:     layout_cave_pools, gammafunk_ghost_spectres, hangedman_fish_farm,
          uniq_erolcha, uniq_fannar, uniq_gastronok, uniq_maurice
D:13:     layout_rooms, ebering_ghost_rock_garden, enter_bailey_2
D:14:     layout_small_grid, grunt_vaults_entry_tiered,
          portal_ice_cave_entry_ice_beasts, columned_hall_lemuel,
          gammafunk_ghost_stat_death, kennysheep_generic_room_2, uniq_josephine
D:15:     grunt_enter_depths_giant_problem, layout_stronghold, serial_shops,
          shop
Temple:   minmay_temple_bridge_abc
Lair:1:   minmay_guarded_unrand_snakebite, layout_regular_city
Lair:2:   layout_gridlike, minmay_snake_entry_guardpost_small,
          gauntlet_entry_generic, cheibrodos_lair_lostbears
Lair:3:   layout_layer_cave, elwin_shoals_entry_rooms, beast_lair_carwin_1
Lair:4:   layout_regular_city, beast_lair_carwin_8
Lair:5:   layout_long_grid, kennysheep_basilisk_garden,
          infiniplex_staircase_pool_2
Lair:6:   wormcave, layout_regular_city, hangedman_lair_in_review,
          nicolae_slime_entry_slimehenge, minivault_11, serial_bayou_shore_b
Snake:1:  layout_misc_corridors, serial_bayou_lagoon_a, uniq_aizul,
          uniq_asterion
Snake:2:  layout_cave_pods, special_room, nicolae_snake_springs
Snake:3:  layout_grid_shapes, basic_altar, minmay_shop_enchanted_jewellery,
          lemuel_fruit_tree, serial_bayou_shore_a
Orc:1:    layout_diamond_mine, mines5_lemuel
Orc:2:    st_orc_town, layout_diamond_mine

Skill      XL: |  1  2  3  4  5  6  7  8  9 10 11 12 13 14 15 16 17 18 |
---------------+-------------------------------------------------------+-----
Invocations    | 1 2 3 4 5 6 7 8 9 10 11 12 | 12.7
Short Blades   | 1 2 3 4 5 6 7 8 9 10 11 | 11.8
Long Blades    | 1 2 3 4 5 6 7 8 9 10 11 | 11.8
Axes           | 1 2 3 4 5 6 7 8 9 10 11 | 11.8
Polearms       | 1 2 3 4 5 6 7 8 9 10 11 | 11.8
Staves         | 1 2 3 4 5 6 7 8 9 10 11 | 11.8
Slings         | 1 2 3 4 5 6 7 8 9 10 11 13 | 13.7
Bows           | 1 2 3 4 5 6 7 8 9 10 11 | 11.8
Crossbows      | 1 2 3 4 5 6 7 8 9 10 11 | 11.8
Throwing       | 1 2 3 4 5 6 7 8 9 10 11 | 11.8
Dodging        | 1 2 3 4 5 6 7 8 9 10 11 | 11.8
Stealth        | 1 2 3 4 5 6 7 8 9 10 11 | 11.8
Unarmed Combat | 1 2 3 4 5 6 7 8 9 10 11 | 11.8
Spellcasting   | 1 2 3 4 5 6 7 8 9 10 11 | 11.8
Evocations     | 1 2 3 4 5 6 7 8 9 10 11 | 11.8
Conjurations   | 1 2 3 4 5 6 7 8 9 10 | 10.1
Hexes          | 1 2 3 4 5 6 7 8 9 10 | 10.1
Charms         | 1 2 3 4 5 6 7 8 9 10 | 10.1
Summonings     | 1 2 3 4 5 6 7 8 9 10 | 10.1
Necromancy     | 1 2 3 4 5 6 7 8 9 10 | 10.1
Translocations | 1 2 3 4 5 6 8 10 11 12 | 12.6
Transmutations | 1 2 3 4 5 6 7 8 9 10 | 10.1
Fire Magic     | 1 2 3 4 5 6 7 8 9 10 | 10.1
Ice Magic      | 1 2 3 4 5 6 7 8 9 10 | 10.1
Air Magic      | 1 2 3 4 5 6 7 8 9 10 | 10.1
Earth Magic    | 1 2 3 4 5 6 7 8 9 10 | 10.1
Poison Magic   | 1 2 3 4 5 6 7 8 9 10 | 10.1
Maces & Flails | 5 6 7 8 9 10 11 12 | 12.5
Fighting       | 7 8 9 10 11 12 13 | 13.2
Armour         | 7 8 9 10 11 12 13 | 13.2
Shields        | 7 8 9 10 11 12 13 | 13.2

Action                   |  1- 3 |  4- 6 |  7- 9 | 10-12 | 13-15 | 16-18 || total
-------------------------+-------+-------+-------+-------+-------+-------++-------
Melee: Flail             |    91 |   155 |       |       |       |       ||   246
       Bite              |     5 |    22 |    24 |    85 |   120 |   164 ||   420
       Trident           |       |    22 |    42 |       |       |       ||    64
       Morningstar       |       |       |   176 |   441 |   640 |   976 ||  2233
       Headbutt          |       |       |       |       |    95 |   305 ||   400
Throw: Javelin           |       |       |       |       |       |     4 ||     4
 Cast: Mephitic Cloud    |       |       |       |       |     1 |       ||     1
Invok: Slouch            |       |       |       |       |     1 |     4 ||     5
 Abil: Evoke Invisibilit |       |       |       |       |       |     1 ||     1
Evoke: Wand              |       |       |       |     5 |    11 |    16 ||    32
       Phantom mirror    |       |       |       |     1 |       |       ||     1
  Use: Scroll            |     4 |     4 |     9 |     9 |    10 |    10 ||    46
       Potion            |     1 |       |       |     4 |     8 |     2 ||    15
 Stab: Sleeping          |       |       |     2 |     7 |    15 |    19 ||    43
       Paralysed         |       |       |       |       |     3 |       ||     3
       Distracted        |       |       |       |       |     4 |     6 ||    10
       Confused          |       |       |       |       |     3 |       ||     3
  Eat: Chunk             |       |     5 |     6 |     4 |     7 |    10 ||    32
       Ration            |       |       |     2 |     7 |     3 |     2 ||    14
Armor: Scale mail        |    34 |   102 |    65 |    65 |       |       ||   266
       Chain mail        |       |       |       |   125 |   174 |   153 ||   452
       Ice dragon scales |       |       |       |       |       |     9 ||     9
Dodge: Dodged            |    24 |    82 |    68 |   241 |   359 |   511 ||  1285
Block: Shield            |    55 |   165 |   116 |   308 |   742 |  1278 ||  2664
       Reflection        |       |       |       |       |     3 |   104 ||   107

Table legend:
 A = Non-vault XP
 B = Vault XP
 C = Vault XP percentage of total XP
 D = Non-vault monster count
 E = Vault monster count
 F = Vault count percentage of total count
                 A         B        C        D         E       F
            +---------+---------+-------+---------+---------+-------
      Total |  157799 |   87419 |  35.6 |     746 |     332 |  30.8
            +---------+---------+-------+---------+---------+-------
        D:1 |      61 |       0 |   0.0 |      31 |       0 |   0.0
        D:2 |     110 |      37 |  25.2 |      23 |      13 |  36.1
        D:3 |     128 |     304 |  70.4 |      37 |       2 |   5.1
        D:4 |     105 |     765 |  87.9 |       6 |       6 |  50.0
        D:5 |     155 |    1089 |  87.5 |       9 |       2 |  18.2
        D:6 |     655 |       0 |   0.0 |      23 |       0 |   0.0
        D:7 |    1156 |    4610 |  80.0 |      29 |       8 |  21.6
        D:8 |    1211 |    3431 |  73.9 |      20 |       4 |  16.7
        D:9 |    1725 |    1548 |  47.3 |      19 |      11 |  36.7
       D:10 |    2198 |    1032 |  32.0 |      14 |       6 |  30.0
       D:11 |    8039 |    2635 |  24.7 |      49 |       3 |   5.8
       D:12 |    7594 |    7433 |  49.5 |      36 |      13 |  26.5
       D:13 |    8896 |       0 |   0.0 |      36 |       0 |   0.0
       D:14 |   12392 |   13283 |  51.7 |      48 |      48 |  50.0
       D:15 |   13040 |    1812 |  12.2 |      46 |       1 |   2.1
     Lair:1 |     991 |    2133 |  68.3 |       4 |      13 |  76.5
     Lair:2 |    3547 |    1072 |  23.2 |      16 |       5 |  23.8
     Lair:3 |    5594 |    1516 |  21.3 |      24 |       8 |  25.0
     Lair:4 |    7324 |    1975 |  21.2 |      25 |       7 |  21.9
     Lair:5 |    4045 |     965 |  19.3 |      19 |       5 |  20.8
     Lair:6 |    5872 |   14830 |  71.6 |      17 |      39 |  69.6
    Snake:1 |    9825 |    4125 |  29.6 |      19 |       2 |   9.5
    Snake:2 |   24440 |    4359 |  15.1 |      43 |      11 |  20.4
    Snake:3 |   26154 |       0 |   0.0 |      52 |       0 |   0.0
      Orc:1 |    8114 |    1238 |  13.2 |      52 |      10 |  16.1
      Orc:2 |    4428 |    7757 |  63.7 |      49 |      54 |  52.4
     Bailey |       0 |     815 | 100.0 |       0 |      34 | 100.0
      IceCv |       0 |    2699 | 100.0 |       0 |      10 | 100.0
   Gauntlet |       0 |    5956 | 100.0 |       0 |      17 | 100.0
            +---------+---------+-------+---------+---------+-------
